Map: Orbital Shipyard

Players

wabbajack

  • Race: Zerg Zerg
  • League: Bronze

Nemesis - Winner!

  • Race: Terran Terran
  • League: Bronze

VOD

Have the link to the VOD?

Description

Time

  • Played on: July 16, 2015, 4:11 p.m.
  • Length: 18:56
Show
View Real Time Build Order
Export as new Build Order

wabbajack Zerg 

Build Orders: Hatch First, Lurkers 

Get SALT Encoding   

  12  0:01  Drone  
  13  0:17  Drone  
  13  0:18  Overlord  
  14  0:24  Extractor  
  14  0:26  Drone, Extractor  
  13  0:30  Drone  
  16  0:39  Drone  
  17  0:58  Hatchery  
  16  1:10  Spawning Pool  
  15  1:12  Extractor  
  15  1:13  Drone  
  15  1:17  Drone  
  16  1:20  Drone  
  17  1:33  Drone  
  17  1:38  Overlord  
  18  1:57  Queen  
  20  2:06  Drone  
  20  2:07  Drone  
  22  2:08  Drone  
  22  2:10  Queen  
  22  2:11  Extractor  
  22  2:13  Zergling x2  
  25  2:27  Baneling Nest  
  24  2:34  Metabolic Boost  
  24  2:42  Drone x5  
  29  2:46  Overlord  
  29  2:56  Pneumatized Carapace  
  29  3:23  Queen  
  29  3:26  Zergling x4  
  34  3:27  Zergling x2  
  34  3:35  Zergling x6  
  34  3:36  Zergling x6  
  40  3:49  Lair  
  40  4:10  Baneling x2  
  40  4:11  Hatchery  
  40  4:16  Baneling x3  
  40  4:17  Baneling  
  39  4:27  Drone  
  39  4:28  Drone x3  
  39  4:29  Roach Warren  
  42  4:34  Overlord  
  42  4:42  Evolution Chamber  
  40  5:25  Drone x3  
  40  5:26  Drone x11  
  40  5:27  Hydralisk Den  
  46  5:58  Lurker Den  
  46  6:00  Overlord x2  
  46  6:01  Overlord x2  
  45  6:17  Zerg Missile Weapons Level 1  
  45  6:18  Glial Reconstitution  
  45  6:25  Roach x3  
  51  6:26  Roach  
  51  6:27  Drone  
  51  6:28  Drone x5  
  59  6:40  Extractor  
  59  6:42  Extractor  
  57  6:55  Hydralisk x4  
  57  6:59  Drone, Extractor x2  
  57  7:00  Drone x3  
  67  7:05  Drone  
  67  7:06  Drone x3  
  71  7:09  Drone x3  
  71  7:11  Overlord x4  
  74  7:29  Muscular Augments  
  74  7:31  Lurker  
  74  7:32  Lurker x2  
  74  7:34  Drone x3  
  74  7:35  Drone x3  
  74  7:36  Drone x2  
  74  7:37  Drone x2  
  86  7:38  Overlord x2  
  86  7:39  Overlord x2  
  87  7:48  Evolution Chamber  
  86  7:53  Roach  
  86  7:54  Roach x5  
  98  8:32  Zerg Missile Weapons Level 2  
  98  8:33  Zerg Ground Armor Level 1  
  98  8:48  Hydralisk x3  
  98  8:49  Hydralisk x4, Roach x4  
  98  8:50  Roach x3  
  119  9:44  Infestation Pit  
  112  9:45  Spire  
  112  9:51  Burrow  
  111  9:57  Overlord x6  
  111  9:58  Overlord x3  
  111  9:59  Hydralisk x2  
  113  10:00  Hydralisk x4, Roach x5  
  113  10:01  Roach x2  
  137  10:14  Overseer  
  137  11:02  Hive  
  137  11:04  Hatchery  
  137  11:08  Hatchery  
  135  11:16  Zerg Flyer Armor Level 1  
  135  11:17  Hatchery  
  134  11:20  Overseer x2  
  134  11:22  Hatchery  
  133  11:29  Zerg Ground Armor Level 2, Zerg Melee Weapons Level 1  
  133  11:59  Drone  
  133  12:00  Drone x6  
  140  12:11  Extractor  
  140  12:14  Extractor  
  138  12:16  Extractor  
  138  12:17  Extractor  
  138  12:22  Drone x2, Extractor  
  137  12:23  Drone x3  
  137  12:24  Drone  
  137  12:26  Extractor  
  137  12:27  Extractor  
  137  12:29  Extractor  
  138  12:34  Adrenal Glands, Ultralisk Cavern  
  80  13:06  Corruptor x2  
  80  13:07  Corruptor x6  
  80  13:12  Greater Spire  
  96  13:18  Lurker  
  96  13:19  Lurker x7  
  104  13:23  Chitinous Plating  
  104  13:30  Zerg Melee Weapons Level 2  
  104  13:33  Ultralisk x3  
  122  13:44  Drone  
  122  13:45  Drone x3  
  122  13:46  Drone x2  
  122  13:48  Drone x3  
  131  13:49  Drone x3  
  131  13:51  Drone  
  131  13:52  Drone x3  
  131  13:53  Drone x2  
  140  13:55  Drone  
  140  13:56  Drone x5  
  140  13:57  Drone x2  
  140  13:59  Drone x6  
  140  14:00  Drone x2  
  156  14:14  Ultralisk x3  
  122  14:58  Corruptor  
  122  14:59  Corruptor x4  
  128  15:02  Corruptor x3  
  128  15:03  Corruptor  
  128  15:04  Zergling x2  
  128  15:05  Zergling x34  
  128  15:06  Zergling x16  
  162  15:43  Baneling Nest, Centrifical Hooks  
  162  15:52  Brood Lord  
  162  15:53  Brood Lord x8  
  162  15:54  Brood Lord  
  161  16:32  Hydralisk x3  
  154  16:33  Hydralisk x3, Roach x5  
  154  16:34  Roach x2  
  154  16:35  Corruptor x6  
  158  17:14  Overlord  
  158  17:15  Overlord x4  
  156  17:21  Overlord x3  
  150  17:38  Overlord x3  
  150  17:39  Overlord x5  
Show
View Real Time Build Order
Export as new Build Order

Nemesis Terran - Winner!

Build Orders: Command Center First (CC), Mech 

Get SALT Encoding   

  12  0:02  SCV  
  13  0:14  SCV  
  13  0:20  Supply Depot  
  14  0:26  SCV  
  15  0:41  SCV  
  16  0:57  Command Center  
  16  1:08  Barracks  
  16  1:11  SCV  
  17  1:19  Refinery  
  17  1:23  SCV  
  18  1:31  Supply Depot  
  18  1:42  SCV  
  19  1:54  SCV  
  19  1:55  Marine  
  21  2:02  Barracks  
  21  2:10  Orbital Command  
  21  2:15  Orbital Command  
  21  2:21  Refinery  
  21  2:29  Barracks Tech Lab  
  21  2:38  SCV  
  22  2:46  SCV  
  22  2:50  SCV  
  24  2:53  Barracks Reactor  
  24  2:58  Factory  
  24  3:03  Supply Depot  
  24  3:07  SCV x2  
  26  3:19  SCV x2  
  27  3:30  Marauder  
  27  3:31  SCV x2, Marine x2  
  33  3:40  Bunker  
  33  3:43  Factory Tech Lab, SCV x2  
  33  3:46  Bunker  
  35  3:49  Supply Depot  
  35  3:55  SCV x2, Marine  
  35  3:56  Marine  
  39  4:04  Siege Tank  
  39  4:07  SCV  
  39  4:08  SCV, Combat Shields  
  44  4:16  Marine x2  
  46  4:20  SCV x2  
  48  4:26  Engineering Bay  
  48  4:27  Marine  
  49  4:32  SCV x2  
  49  4:34  Marine  
  52  4:44  SCV x2  
  54  4:46  Siege Tank  
  54  4:48  Command Center  
  57  4:56  SCV x2, Missile Turret  
  57  4:58  Terran Infantry Weapons Level 1  
  59  5:08  SCV x2  
  59  5:10  Refinery  
  59  5:11  Refinery  
  59  5:12  Missile Turret  
  61  5:16  Missile Turret  
  61  5:20  SCV  
  61  5:21  SCV  
  58  5:55  SCV x2  
  56  6:07  SCV x2  
  58  6:20  SCV x2  
  58  6:21  Missile Turret  
  61  6:32  SCV x2  
  62  6:42  Marine x2  
  62  6:43  Siege Tank, Marine  
  62  6:44  SCV  
  69  6:48  Starport  
  69  6:51  Factory  
  69  6:55  Command Center  
  69  6:56  Factory  
  69  6:58  Barracks  
  69  7:03  Marine x3  
  69  7:05  Planetary Fortress  
  69  7:07  SCV x2  
  74  7:13  Stimpack  
  74  7:16  Infernal Pre-Igniter  
  74  7:19  SCV x2  
  74  7:20  Marine  
  77  7:29  Missile Turret  
  77  7:35  Starport Reactor  
  77  7:42  Refinery  
  77  7:45  Refinery  
  77  7:46  Barracks Tech Lab  
  77  7:47  Factory Reactor  
  77  7:48  Factory Tech Lab  
  77  8:00  Supply Depot  
  77  8:02  Supply Depot  
  77  8:04  Supply Depot  
  77  8:06  SCV x3, Siege Tank, Marine x3  
  77  8:08  Supply Depot  
  86  8:17  Marine  
  86  8:18  SCV x3, Hellion  
  92  8:21  Medivac  
  92  8:24  Marine x3  
  92  8:26  Missile Turret  
  97  8:29  Missile Turret  
  97  8:30  Supply Depot, SCV x2  
  97  8:31  Supply Depot  
  97  8:32  Supply Depot  
  97  8:33  Supply Depot x2  
  99  8:34  Marine  
  99  8:35  Missile Turret  
  99  8:36  Orbital Command  
  99  8:37  Missile Turret  
  99  8:38  Siege Tank  
  99  8:40  SCV  
  104  8:42  Marine  
  104  8:43  SCV x2  
  104  8:45  Hellion  
  109  8:52  SCV, Hi-Sec Auto Tracking  
  109  8:55  SCV, Armory  
  111  8:59  Armory  
  111  9:02  Marine x4  
  114  9:05  SCV  
  114  9:06  SCV  
  114  9:07  SCV  
  117  9:14  Concussive Shells  
  117  9:17  Command Center  
  117  9:20  Marine x3  
  118  9:32  SCV  
  118  9:33  SCV x3  
  122  9:38  Factory  
  122  9:40  Factory  
  122  9:41  Marine x2  
  122  9:42  Marine x2  
  122  9:43  Hellion  
  122  9:44  SCV, Hellion x2  
  122  9:45  SCV x3  
  136  9:46  Medivac x2  
  136  9:49  Terran Infantry Armor Level 1  
  131  9:59  Marine x4  
  129  10:10  Missile Turret  
  129  10:12  Siege Tank x2  
  135  10:17  Marine x4  
  139  10:25  Starport  
  139  10:26  Starport  
  139  10:28  Liberator  
  139  10:29  Hellion x2  
  139  10:35  Marine x4  
  146  10:38  Fusion Core  
  151  10:44  Hellion x2  
  154  10:51  Planetary Fortress  
  154  10:52  Marine  
  154  10:55  Missile Turret  
  155  11:10  Factory Tech Lab  
  155  11:13  Missile Turret  
  155  11:15  Sensor Tower  
  155  11:35  Refinery  
  155  11:39  Refinery  
  155  11:40  Factory Tech Lab  
  155  11:46  Starport Tech Lab  
  155  11:47  Starport Reactor  
  155  11:54  Unknown  
  155  12:29  Liberator  
  155  12:30  Liberator  
  155  12:32  Supply Depot  
  155  12:42  Raven  
  155  12:43  Hellion, Marine x2  
  155  12:45  Hellion, Siege Tank x2, Marine x2  
  155  12:46  Hellion  
  129  13:01  Medivac x2, Marine x2  
  129  13:02  Marine x2  
  137  13:07  Thor  
  137  13:12  Liberator  
  143  13:13  Hellion x3, Liberator  
  143  13:17  Hellion  
  143  13:18  Command Center, Marine x2  
  153  13:20  Command Center, Marine  
  153  13:24  Terran Vehicle And Ship Armor Level 1, Terran Vehicle Weapons Level 1  
  153  13:25  Medivac  
  156  13:27  Building Armor  
  156  13:29  Liberator  
  156  13:33  Marine  
  163  13:46  Viking, Marine x3  
  163  13:47  Hellion x4  
  163  13:48  Hellion  
  181  13:51  Hellion, Marine  
  181  13:55  Viking  
  184  13:58  Supply Depot x2  
  184  14:01  Supply Depot  
  186  14:04  Supply Depot  
  186  14:20  Hellion x4, Viking, Medivac x2  
  200  14:31  Hellion  
  161  14:55  Marine x4  
  161  14:56  Hellion  
  161  14:57  Cyclone, Siege Tank x3  
  179  15:12  Marine  
  179  15:13  Marine x2  
  182  15:29  Command Center, Thor x2, Cyclone  
  182  15:30  Command Center, Marine x3  
  182  15:33  Terran Infantry Weapons Level 2  
  182  15:34  Terran Vehicle Weapons Level 2, Terran Vehicle And Ship Armor Level 2  
  200  16:17  Barracks  
  200  16:18  Barracks  
  200  16:19  Barracks  
  198  16:31  Marine x4  
  187  16:49  Marine x2  
  183  17:01  Viking x5  
  188  17:04  Hellion x2, Siege Tank  
  192  17:11  Siege Tank  
  188  17:25  Planetary Fortress  
  186  17:36  Supply Depot x2  
  182  17:37  Supply Depot  
  182  17:38  Supply Depot  
  182  17:39  Supply Depot  
  169  17:52  Barracks x2  
  169  17:58  Viking x2, Marine  
  163  17:59  Cyclone, Viking, Marine x2  
  163  18:00  Viking  
  173  18:16  Starport, Marine  
  173  18:17  Marine x2  
  173  18:18  Starport  
Tags
 
Add a new tag
Caveats
  • Supply blocks, unpowered buildings, or Contaminate may cause inaccurate times.
  • Supply counts are checked every 10 seconds.